 Dungeon Crawl Stone Soup version 0.28-a0-687-gb91baff9cc (webtiles) character file.

Game seed: 9861378840735638517

13967 kae the Grappler (level 11, -13/118 HPs)
             Began as a Yellow Draconian Transmuter on Oct 19, 2021.
             Was an Elder of Ru.
             Mangled by an elephant (15 damage)
             ... on level 2 of the Lair of Beasts.
             The game lasted 00:13:32 (16745 turns).

kae the Grappler (Yellow Draconian Transmuter)     Turns: 16745, Time: 00:13:33

Health: -13/118    AC:  7    Str: 13    XL:     11   Next: 82%
Magic:  14/14      EV: 10    Int: 16    God:    Ru [****..]
Gold:   570        SH:  0    Dex: 12    Spells: 6/14 levels left

rFire   x . .      SeeInvis .     - Unarmed
rCold   + + +      Faith    .   (shield currently unavailable)
rNeg    . . .      Spirit   .   (armour unavailable)
rPois   +          Reflect  .   (helmet currently unavailable)
rElec   .          Harm     .   (cloak currently unavailable)
rCorr   .          Rampage  .   (gloves currently unavailable)
Will    .....                   (boots currently unavailable)
Stlth   ..........              (no amulet)
HPRegen 0.29/turn               q - ring of wizardry
MPRegen 0.14/turn               g - ring of poison resistance

@: ice-form, unable to drink, slowed, very slow
A: freezing attack, amphibious, boosted hp, no potions, (spit acid), AC +7,
large, unfitting armour, (cold-blooded), inability to drink while threatened, no
stealth, inability to use devices, (acid resistance)
a: End Transformation, Renounce Religion, Draw Out Power, Power Leap


You were on level 2 of the Lair of Beasts.
You worshipped Ru.
Ru was greatly pleased with you.
You were a creature of crystalline ice.
You visited 3 branches of the dungeon, and saw 13 of its levels.

You collected 570 gold pieces.

Inventory:

Missiles
 n - a throwing net
Armour
 s - a +1 hat of see invisible (melded)
Jewellery
 c - a +6 ring of intelligence
 g - a ring of poison resistance (right front paw)
 l - a ring of protection from cold
 q - a ring of wizardry (left front paw)
Scrolls
 b - 5 scrolls of teleportation
 i - 4 scrolls of magic mapping
 j - 3 scrolls of enchant weapon
 p - a scroll of fear
 r - a scroll of enchant armour
Potions
 a - a potion of cancellation
 d - 2 potions of magic
 e - a potion of flight {unknown}
 f - a potion of degeneration {unknown}
 h - a potion of haste {unknown}
 k - a potion of might {unknown}
 m - 4 potions of curing {unknown}
 o - 2 potions of mutation
 t - a potion of berserk rage {unknown}
 u - a potion of lignification {unknown}


   Skills:
 + Level 10.1 Fighting
 - Level 1.7 Dodging
 * Level 13.3 Unarmed Combat
 - Level 2.0 Spellcasting
 + Level 9.4 Transmutations
 - Level 5.0 Ice Magic
 - Level 2.4 Poison Magic


You had 6 spell levels left.
You knew the following spells:

 Your Spells              Type           Power      Damage    Failure   Level
a - Beastly Appendage     Tmut           62%        N/A       1%          1
b - Spider Form           Tmut/Pois      10%        N/A       2%          3
c - Ice Form              Ice/Tmut       24%        N/A       4%          4

Your spell library contained the following spells:

 Spells                   Type           Power      Damage    Failure   Level
 Wereblood                Tmut           31%        N/A       1%          2
 Animate Skeleton         Necr           2%         N/A       9%          1
 Pain                     Necr           4%         1d4       9%          1
 Summon Small Mammal      Summ           4%         N/A       9%          1
 Static Discharge         Conj/Air       1%         N/A       12%         2
 Call Canine Familiar     Summ           1%         N/A       24%         3
 Summon Guardian Golem    Hex/Summ       1%         N/A       24%         3
 Vampiric Draining        Necr           0%         2d6       24%         3
 Agony                    Necr           1%         N/A       89%         5
 Excruciating Wounds      Necr           0%         N/A       89%         5
 Lightning Bolt           Conj/Air       0%         1d11      89%         5
 Orb of Destruction       Conj           0%         N/A       100%        7
 Spellforged Servitor     Conj/Summ      0%         N/A       100%        7
 Maxwell's Capacitive Co  Air            0%         ∞         100%        8


Dungeon Overview and Level Annotations

Branches:
Dungeon (10/15)            Temple (1/1) D:6            Lair (2/6) D:8
  Swamp: Lair:2-4    Shoals: Lair:2-4     Snake: Lair:2-4    Spider: Lair:2-4
    Orc: D:9-12

Altars:
Ashenzari
Cheibriados
Dithmenos
Elyvilon
Fedhas
Gozag
Hepliaklqana
Kikubaaqudgha
Makhleb
Nemelex Xobeh
Okawaru
Qazlal
Ru
Sif Muna
Trog
Uskayaw
Vehumet
Wu Jian
Xom
Yredelemnul
Zin
The Shining One

Shops:
D:1 [

Annotations:
D:5 3 runed translucent doors, SeagullWaffle's ghost, novice DrFi
D:6 3 runed translucent doors, Stormracerdan's ghost, novice HOFi
D:9 1 exclusion
D:10 3 runed translucent doors


Innate Abilities, Weirdness & Mutations

You are a creature of crystalline ice.
You have a powerful freezing melee attack.
You are amphibious.
Your maximum health is increased.
Your armour is entirely melded.
You are incapable of wielding weapons or throwing items.
You cannot drink.
((You can spit globs of acid.))
((Your golden yellow scales are hard. (AC +7)))
You cannot fit into any form of body armour.
((You are cold-blooded and may be slowed by cold attacks.))
You sometimes lose the ability to drink potions when taking damage.
You cannot be stealthy.
You cannot study or use magical devices.
((You are resistant to acid. (rCorr)))


Message History

The elephant is heavily wounded.
The elephant tramples you!
You hold your ground!
The elephant trunk-slaps you but does no damage.
The elephant tramples you!
You feel threatened and lose the ability to drink potions!
You stumble backwards!
Found a scroll of silence.
The teleport trap disappears.
The elephant disappears!
The elephant reappears nearby!
The elephant tramples you but does no damage.
The elephant trunk-slaps you but does no damage.
The elephant tramples you but does no damage.
The elephant trunk-slaps you but does no damage.
The elephant tramples you.
You stumble backwards!
You pummel the elephant!! You freeze the elephant.
The elephant is heavily wounded.
The elephant tramples you!
* * * LOW HITPOINT WARNING * * *
You hold your ground!
The elephant completely misses you.
You completely miss the elephant.
The elephant is heavily wounded.
The elephant tramples you but does no damage.
The elephant trunk-slaps you.
* * * LOW HITPOINT WARNING * * *
The elephant barely misses you.
The elephant trunk-slaps you but does no damage.
The elephant tramples you.
* * * LOW HITPOINT WARNING * * *
You hold your ground!
The elephant trunk-slaps you but does no damage.
The elephant tramples you but does no damage.
The elephant trunk-slaps you.
* * * LOW HITPOINT WARNING * * *
You can drink potions again.
The elephant tramples you!
You feel threatened and lose the ability to drink potions!
* * * LOW HITPOINT WARNING * * *
You stumble backwards!
You focus your inner power and illuminate the elephant in retribution!
The elephant tramples you!
You die...

?...........♣≈..♣♣.###...#..#..
............♣≈♣.≈♣.............
.###P#.....♣≈..≈♣.............
#.†#..♣≈..≈♣.....####....
##..##.♣♣..♣♣..P..# ##...
#...##.Y♣.†♣..#P>.## #...
##..P##Y♣..♣.#..)..# #...
..........##.Y⌠⌠..#.#..#####...
..............Y................
.........>.........>...........
......#########....#.###P.#P.#.
...... ######## ### #.# ......
# l.....


You could see 3 elephants.

Vanquished Creatures
  Gastronok (D:8)
  Harold (D:10)
  3 two-headed ogres
  A bog body (Lair:2)
  Pikel (D:8)
  Maurice (D:8)
  An elephant (Lair:2)
  2 komodo dragons
  2 kobold demonologists
  A troll (D:9)
  A polar bear (Lair:1)
  A meliai zombie (D:10)
  3 blink frogs
  10 yaks
  2 basilisks (Lair:1)
  Grum (D:8)
  A steam dragon (D:9)
  Edmund (D:6)
  9 water moccasins
  An orc warrior (D:6)
  An ice beast (D:6)
  4 black bears
  A centaur (D:8)
  2 ogres (D:5)
  A lemure (D:8)
  11 wolves
  2 phantoms
  3 bullfrogs
  4 scorpions
  13 killer bees
  10 wights
  3 centaur zombies
  2 jellies
  A centaur skeleton (D:5)
  4 hounds
  3 orc priests
  2 iguanas (D:6)
  3 orc wizards
  4 hell rats
  A killer bee zombie (D:7)
  6 adders
  A white imp (D:6)
  An adder skeleton (D:4)
  A worm (D:3)
  A dart slug (D:5)
  17 orcs
  9 endoplasms
  4 giant cockroaches
  5 goblins
  5 hobgoblins
  3 jackals (D:3)
  3 quokkas
  4 ball pythons
  3 bats (D:3)
  3 frilled lizards (D:1)
  3 kobolds
  6 rats
194 creatures vanquished.

Vanquished Creatures (others)
  Erica (D:8)
  A wight (D:7)
  60 fungi
  51 plants
113 creatures vanquished.

Grand Total: 307 creatures vanquished

Notes
Turn   | Place    | Note
-------+----------+-------------------------------------------
     0 | D:1      | kae the Draconian Transmuter began the quest for the Orb.
     0 | D:1      | Reached XP level 1. HP: 16/16 MP: 3/3
   545 | D:1      | Found Duof Lo Mior's Antique Armour Shoppe.
   566 | D:1      | Reached XP level 2. HP: 23/23 MP: 3/5
  1422 | D:2      | Found a faded altar of an unknown god.
  1473 | D:2      | Reached XP level 3. HP: 10/29 MP: 4/6
  2880 | D:3      | Reached skill level 4 in Unarmed Combat
  3088 | D:3      | Reached XP level 4. HP: 14/36 MP: 7/7
  3277 | D:3      | Learned a level 3 spell: Spider Form
  3334 | D:3      | Noticed a scorpion
  3496 | D:3      | Killed a scorpion
  3497 | D:3      | Reached skill level 1 in Poison Magic
  3497 | D:3      | Reached XP level 5. HP: 25/42 MP: 4/8
  4381 | D:4      | Reached skill level 5 in Unarmed Combat
  4381 | D:4      | Reached XP level 6. HP: 51/51 MP: 5/9
  4386 | D:4      | Learned a level 4 spell: Ice Form
  4484 | D:4      | Reached skill level 1 in Ice Magic
  5589 | D:5      | Entered Level 5 of the Dungeon
  5881 | D:5      | Your scales start taking on a golden yellow colour.
  5881 | D:5      | Reached XP level 7. HP: 57/57 MP: 7/10
  5881 | D:5      | Gained mutation: You are resistant to acid. (rCorr) [Yellow
                  | Draconian growth]
  6248 | D:5      | Found a runed translucent gate.
  6249 | D:5      | Found a runed translucent gate.
  6250 | D:5      | Found a runed translucent gate.
  6255 | D:5      | Noticed SeagullWaffle's ghost (novice DrFi)
  6549 | D:5      | Reached skill level 6 in Unarmed Combat
  6877 | D:6      | Found a staircase to the Ecumenical Temple.
  6910 | D:6      | Noticed Stormracerdan's ghost (novice HOFi)
  6931 | Temple   | Entered the Ecumenical Temple
  7004 | Temple   | Became a worshipper of Ru the Awakened
  7077 | D:6      | Reached XP level 8. HP: 56/66 MP: 6/11
  7370 | D:6      | Found a runed translucent gate.
  7370 | D:6      | Noticed Edmund
  7371 | D:6      | Found a runed translucent gate.
  7388 | D:6      | Killed Edmund
  7389 | D:6      | Found a runed translucent gate.
  7682 | D:6      | Reached skill level 7 in Unarmed Combat
  8416 | D:7      | Reached skill level 5 in Fighting
  8416 | D:7      | Reached skill level 5 in Ice Magic
  8501 | D:7      | Reached skill level 5 in Transmutations
  8546 | D:7      | Gained mutation: You cannot study or use magical devices.
                  | [Ru sacrifice]
  8546 | D:7      | Reached * piety under Ru
  8546 | D:7      | Reached ** piety under Ru
  9145 | D:8      | Noticed Maurice
  9145 | D:8      | Noticed Erica
  9160 | D:8      | Killed Maurice
  9161 | D:8      | Reached skill level 8 in Unarmed Combat
  9161 | D:8      | Reached XP level 9. HP: 58/75 MP: 4/12
  9297 | D:8      | Killed Erica
  9595 | D:8      | Reached skill level 9 in Unarmed Combat
 10061 | D:8      | Noticed Pikel
 10076 | D:8      | Killed Pikel
 10077 | D:8      | Reached skill level 10 in Unarmed Combat
 10077 | D:8      | Reached XP level 10. HP: 86/86 MP: 9/13
 10129 | D:8      | Noticed Grum
 10138 | D:8      | Killed Grum
 10591 | D:8      | Found an iron altar of Okawaru.
 10653 | D:8      | Found a staircase to the Lair.
 11260 | D:9      | Reached skill level 11 in Unarmed Combat
 11620 | D:9      | Noticed a fire dragon
 12061 | D:9      | Noticed a two-headed ogre
 12069 | D:9      | Killed a two-headed ogre
 12235 | D:9      | Gained mutation: You sometimes lose the ability to drink
                  | potions when taking damage. [Ru sacrifice]
 12235 | D:9      | Reached *** piety under Ru
 12899 | D:10     | Entered Level 10 of the Dungeon
 12935 | D:10     | Noticed Harold
 12942 | D:10     | Killed Harold
 13187 | D:10     | Reached XP level 11. HP: 95/95 MP: 10/14
 13530 | D:10     | Reached skill level 12 in Unarmed Combat
 13805 | D:10     | Found a runed translucent gate.
 13806 | D:10     | Found a runed translucent gate.
 13807 | D:10     | Found a runed translucent gate.
 13807 | D:10     | Noticed a purple ugly thing
 13807 | D:10     | Noticed a purple ugly thing
 13807 | D:10     | Noticed a glowing orange brain
 13807 | D:10     | Noticed a purple ugly thing
 13807 | D:10     | Noticed a red ugly thing
 13898 | D:10     | Noticed a purple ugly thing
 13917 | D:10     | Noticed a two-headed ogre
 13923 | D:10     | Killed a two-headed ogre
 14106 | D:10     | Noticed a two-headed ogre
 14114 | D:10     | Killed a two-headed ogre
 14539 | Lair:1   | Entered Level 1 of the Lair of Beasts
 14539 | Lair:1   | Noticed Gastronok
 14550 | D:8      | Killed Gastronok
 15850 | Lair:1   | Reached skill level 13 in Unarmed Combat
 15899 | Lair:1   | You fall into a shaft and drop 1 floor!
 16425 | Lair:1   | Reached skill level 10 in Fighting
 16622 | Lair:2   | Gained mutation: You cannot be stealthy. [Ru sacrifice]
 16622 | Lair:2   | Reached **** piety under Ru
 16686 | Lair:2   | Noticed a bog body
 16691 | Lair:2   | Killed a bog body
 16744 | Lair:2   | HP: 2/118 [elephant (13)]
 16745 | Lair:2   | Mangled by an elephant

Illustrated notes

Levels and vault maps discovered:
D:1:      erik_arrival_blinker_ship, layout_basic, serial_shops,
          nicolae_shop_overgrown_old_shop, chequers_serial_rivers_large_b
D:2:      layout_basic, shapermc_ecumenical_altar_venn
D:3:      minmay_recursive_quarters, layout_basic
D:4:      layout_basic
D:5:      wander_river, layout_gridville, gammafunk_ghost_nasty_kobolds
D:6:      layout_gridville, minmay_temple_entry_waves, gammafunk_ghost_icy,
          uniq_edmund
D:7:      layout_rooms
D:8:      layout_loops_ring, okawaru_ov_weapons_minmay,
          due_lair_maze_entry_diamond, uniq_grum, uniq_maurice, uniq_pikel,
          uniq_erica
D:9:      dragon1_lemuel, layout_stronghold
D:10:     layout_gridville, ploomutoo_gammafunk_ghost_potion_laboratory,
          uniq_harold
Temple:   grunt_wide_crystal_templ
Lair:1:   layout_cave_pods, uniq_gastronok
Lair:2:   layout_small_grid, nicolae_swamp_entry_splash_gauntlet,
          gammafunk_ghost_cemetery, chequers_serial_rivers_marsh

Skill      XL: |  1  2  3  4  5  6  7  8  9 10 11 |
---------------+----------------------------------+-----
Fighting       | 2 3 4 5 7 8 10 | 10.1
Unarmed Combat | 4 5 6 8 10 11 13 | 13.3
Poison Magic   | 1 2 |  2.4
Transmutations | 3 4 5 6 8 9 |  9.4
Ice Magic      | 2 3 5 |  5.0
Dodging        | |  1.7
Spellcasting   | |  2.0

Action                   |  1- 3 |  4- 6 |  7- 9 | 10-12 || total
-------------------------+-------+-------+-------+-------++-------
Melee: Unarmed           |   106 |   105 |   257 |   229 ||   697
       Kick              |    14 |    12 |    12 |       ||    38
       Headbutt          |     6 |     2 |     6 |       ||    14
       Tailslap          |     9 |     2 |    11 |     1 ||    23
       Punch             |     1 |       |     2 |       ||     3
 Cast: Beastly Appendage |    27 |    14 |    11 |       ||    52
       Spider Form       |       |     9 |     9 |       ||    18
       Ice Form          |       |       |     9 |    31 ||    40
Invok: Sacrifice Artific |       |       |     1 |       ||     1
       Sacrifice Drink   |       |       |       |     1 ||     1
       Sacrifice Stealth |       |       |       |     1 ||     1
 Abil: Breathe Acid      |       |       |     7 |     1 ||     8
  Use: Scroll            |     3 |     6 |     3 |     2 ||    14
 Stab: Invisible         |       |       |     1 |       ||     1
       Distracted        |       |       |       |     1 ||     1
Armor: Skin              |    40 |    15 |    55 |    72 ||   182
Dodge: Dodged            |    71 |    75 |   140 |    91 ||   377

Table legend: (Time is in decaauts)
 A = Elapsed time spent in this place.
 B = Non-inter-level travel time spent in this place.
 C = Inter-level travel time spent in this place.
 D = Time resting spent in this place.
 E = Time spent auto-exploring this place.
 F = Levels seen in this place.
 G = Mean time per level.
                   A        B        C        D        E       F      G
               +--------+--------+--------+--------+--------+-----+--------+
         Total |  16752 |  16295 |    457 |   1454 |  13026 |  13 | 1288.6 |
       Dungeon |  15031 |  14645 |    386 |   1454 |  11586 |  10 | 1503.1 |
        Temple |     81 |     54 |     27 |      0 |     37 |   1 |   81.0 |
          Lair |   1639 |   1597 |     42 |      0 |   1402 |   2 |  819.5 |
               +--------+--------+--------+--------+--------+-----+--------+

Top non-repeatable levels by time:
     D:8: 2261 daAuts
     D:9: 2161 daAuts
     D:6: 1464 daAuts
     D:2: 1460 daAuts
     D:4: 1412 daAuts
     D:3: 1392 daAuts
    D:10: 1376 daAuts
  Lair:1: 1375 daAuts
     D:1: 1361 daAuts
     D:5: 1239 daAuts
     D:7: 902 daAuts
  Lair:2: 263 daAuts
  Temple: 81 daAuts
